[Event "Titled Tuesday Blitz April 05 Early 2022"]
[White "Vokarev, Sergey"]
[Black "Mekhitarian, Krikor Sevag"]
[WhiteFideId "4119711"]
[BlackFideId "2107660"]
[WhiteElo "2343"]
[BlackElo "2598"]
[Result "1-0"]
[Round "06"]
[TimeControl "180+1"]
[Date "2022.04.05"]
[WhiteClock "0:00:53"]
[BlackClock "0:00:02"]

1. e4 e5 2. Nf3 Nf6 3. Nxe5 d6 4. Nf3 Nxe4 5. d3 Nf6 6. d4 d5 7. Bd3 Bd6 8. Qe2+ Qe7 9. Qxe7+ Bxe7 10. Bf4 c6 11. O-O h6 12. Re1 Be6 13. Ne5 Nbd7 14. Ng6 fxg6 15. Rxe6 Kf7 16. Re2 Rhe8 17. Nd2 Bf8 18. Rae1 Rxe2 19. Rxe2 Re8 20. Kf1 Rxe2 21. Kxe2 g5 22. Bg3 Nh5 23. Bc7 Nf4+ 24. Bxf4 gxf4 25. h4 g5 26. Kf3 Nf6 27. hxg5 hxg5 28. Bf5 Bd6 29. c3 Ke7 30. b4 b6 31. Nb3 Bc7 32. a4 Bd6 33. a5 Bc7 34. axb6 axb6 35. Nc1 Bd6 36. Nd3 Kf7 37. Ne5+ Bxe5 38. dxe5 Ng8 39. Kg4 Ne7 40. Kxg5 f3 41. gxf3 c5 42. bxc5 bxc5 43. Bc2 d4 44. cxd4 cxd4 45. Bb3+ Kg7 46. f4 Nc6 47. Kf5 d3 48. Ke4 d2 49. Ke3 Ne7 50. Kxd2 Nf5 51. Kd3 Nh6 52. Ke4 1-0


[Site "https://www.chess.com"]

[Event "Titled Tuesday Blitz April 05 Early 2022"]
[White "Von Buelow, Georg"]
[Black "Li, Hui"]
[WhiteFideId "4620658"]
[BlackFideId "15400310"]
[WhiteElo "2161"]
[BlackElo "1954"]
[Result "1-0"]
[Round "06"]
[TimeControl "180+1"]
[Date "2022.04.05"]
[WhiteClock "0:00:16"]
[BlackClock "0:00:01"]

1. e4 e5 2. Nf3 Nf6 3. Nc3 Nc6 4. d4 exd4 5. Nxd4 Bb4 6. Nxc6 bxc6 7. Bd3 O-O 8. O-O d5 9. exd5 cxd5 10. Qf3 c6 11. Bg5 Bd6 12. h3 Rb8 13. b3 h6 14. Bf4 Re8 15. Rfe1 Be6 16. Ne2 Ne4 17. Rad1 Bxf4 18. Nxf4 Bf5 19. c4 Ng5 20. Qg3 Rxe1+ 21. Rxe1 Bxd3 22. Qxd3 Qd6 23. g3 d4 24. Rd1 Rd8 25. Qf5 Ne6 26. Nd3 c5 27. h4 a5 28. Re1 Qd7 29. Re5 Qd6 30. Rd5 Qe7 31. Re5 Qc7 32. Kf1 Rc8 33. Rd5 a4 34. Ne5 axb3 35. axb3 Qa5 36. Rd7 Qa1+ 37. Kg2 Rf8 38. Rxf7 Qa8+ 39. Kh2 Qe8 40. Rxf8+ Nxf8 41. Nd3 Qe6 42. Qxe6+ Nxe6 43. Kg2 Kf7 44. Kf3 Kf6 45. Ke4 g6 46. g4 h5 47. g5+ Ke7 48. f4 Kd6 49. f5 gxf5+ 50. Kxf5 Nf8 51. g6 Nxg6 52. Kxg6 Ke6 53. Kg5 1-0


[Site "https://www.chess.com"]

[Event "Titled Tuesday Blitz April 05 Early 2022"]
[White "Vusatiuk, Vladimir"]
[Black "Pakleza, Zbigniew"]
[WhiteFideId "14118610"]
[BlackFideId "1119290"]
[WhiteElo "2157"]
[BlackElo "2467"]
[Result "0-1"]
[Round "06"]
[TimeControl "180+1"]
[Date "2022.04.05"]
[WhiteClock "0:00:03"]
[BlackClock "0:00:05"]

1. d4 d6 2. c4 e5 3. Nf3 exd4 4. Nxd4 g6 5. Nc3 Bg7 6. g3 Ne7 7. Bg2 O-O 8. O-O Nd7 9. e4 Nc6 10. Nc2 Nb6 11. Ne3 Be6 12. Ncd5 Ne5 13. Qc2 c6 14. Nxb6 Qxb6 15. Bd2 Rfe8 16. Rad1 Rad8 17. b3 h5 18. h3 Bc8 19. Kh2 Qc7 20. Bc3 Qe7 21. Qb2 Qf6 22. Bd4 c5 23. Nd5 Qe6 24. Nc7 Nf3+ 25. Bxf3 Qxh3+ 26. Kg1 Bxd4 27. Rxd4 cxd4 28. Nxe8 Rxe8 29. Qxd4 h4 30. Bg2 Qg4 31. Qxd6 b6 32. gxh4 Qxh4 33. Qg3 Qf6 34. Rd1 Bb7 35. Qe3 Qe7 36. Rd4 Qh4 37. Qf3 Bc8 38. Rd5 Qh7 39. Qg3 Qg7 40. Rg5 Be6 41. Qe5 Qh6 42. Qg3 Rd8 43. e5 Rd1+ 44. Bf1 Bh3 45. Qxh3 Qxh3 46. Rg2 Qd3 47. Kh2 Qxf1 48. Rg1 Qxf2+ 49. Rg2 Qh4# 0-1


[Site "https://www.chess.com"]

[Event "Titled Tuesday Blitz April 05 Early 2022"]
[White "Winkels, Marcel"]
[Black "Estrada Nieto, Julian"]
[WhiteFideId "1003887"]
[BlackFideId "5101018"]
[WhiteElo "1900"]
[BlackElo "2252"]
[Result "0-1"]
[Round "06"]
[TimeControl "180+1"]
[Date "2022.04.05"]
[WhiteClock "0:00:06"]
[BlackClock "0:01:43"]

1. e4 e5 2. Nf3 Nc6 3. Bc4 Bc5 4. c3 d6 5. d4 exd4 6. cxd4 Bb6 7. h3 Nf6 8. Nc3 O-O 9. O-O Nxe4 10. Nxe4 d5 11. Bd3 dxe4 12. Bxe4 Nxd4 13. Be3 Nxf3+ 14. Qxf3 c6 15. Rfd1 Qh4 16. Bxb6 axb6 17. a3 Be6 18. Rd2 Rfd8 19. Rad1 Rxd2 20. Rxd2 Rd8 21. Rxd8+ Qxd8 22. Qe3 g6 23. b4 b5 24. g3 Bd5 25. Bxd5 Qxd5 26. Qe7 b6 27. Qc7 c5 28. Qxb6 c4 29. Qb8+ Kg7 30. Qc8 Qd4 31. Qc7 c3 32. Kg2 Qe4+ 33. Kh2 c2 34. Qc5 h6 35. Qc3+ Kh7 36. Qc7 Qf5 37. Kg2 Qd5+ 38. Kh2 Qc4 0-1


[Site "https://www.chess.com"]

[Event "Titled Tuesday Blitz April 05 Early 2022"]
[White "Yang, Kaiqi"]
[Black "Urbina Quiroz, Edwin"]
[WhiteFideId "8604398"]
[BlackFideId "6500650"]
[WhiteElo "2373"]
[BlackElo "2152"]
[Result "1-0"]
[Round "06"]
[TimeControl "180+1"]
[Date "2022.04.05"]
[WhiteClock "0:00:32"]
[BlackClock "0:00:19"]

1. e4 e5 2. Nf3 Nc6 3. d4 exd4 4. Bc4 Nf6 5. e5 d5 6. Bb5 Ne4 7. Nxd4 Bc5 8. Be3 Bd7 9. Bxc6 bxc6 10. f3 Ng5 11. Nxc6 Bxc6 12. Bxc5 Ne6 13. Bf2 O-O 14. O-O Rb8 15. b3 a5 16. Nc3 d4 17. Ne2 a4 18. Nxd4 Nxd4 19. Qxd4 Qe7 20. Qc5 Qe6 21. Rad1 Rb5 22. Qc3 Rxe5 23. bxa4 Bxa4 24. Qxc7 Re2 25. Rd8 Rxc2 26. Rxf8+ Kxf8 27. Qb8+ Rc8 28. Qb4+ Kg8 29. Qxa4 1-0


[Site "https://www.chess.com"]

[Event "Titled Tuesday Blitz April 05 Early 2022"]
[White "Yordanov, Nikolay Plamenov"]
[Black "Bachmann, Axel"]
[WhiteFideId "2907445"]
[BlackFideId "3700488"]
[WhiteElo "2248"]
[BlackElo "2587"]
[Result "1-0"]
[Round "06"]
[TimeControl "180+1"]
[Date "2022.04.05"]
[WhiteClock "0:00:11"]
[BlackClock "0:00:01"]

1. d4 Nf6 2. Bf4 b6 3. e3 Bb7 4. Nf3 g6 5. h3 Bg7 6. Be2 d6 7. O-O O-O 8. c4 Nbd7 9. Nfd2 e5 10. dxe5 dxe5 11. Bg3 e4 12. Nc3 Nc5 13. Qc2 Qe7 14. Rad1 Rfd8 15. Nb3 Nxb3 16. Qxb3 Nd7 17. Bxc7 Rdc8 18. Bd6 Qg5 19. Nd5 Nc5 20. Qc2 Bf8 21. Bxf8 Kxf8 22. Qc3 f6 23. Nxf6 Kf7 24. Nd7 Nd3 25. g3 Rc7 26. Bxd3 Rxd7 27. Be2 Rad8 28. Rxd7+ Rxd7 29. b4 h5 30. h4 Qf5 31. c5 Rd3 32. Qc2 bxc5 33. bxc5 Rd5 34. Rc1 Bc6 35. Bc4 Kg7 36. Bxd5 Bxd5 37. Qc3+ Kh6 38. c6 Kh7 39. c7 Be6 40. c8=Q Bxc8 41. Qxc8 Qf3 42. Rc7+ Kh6 43. Qh8# 1-0


[Site "https://www.chess.com"]

[Event "Titled Tuesday Blitz April 05 Early 2022"]
[White "Zaksaite, Salomeja"]
[Black "Sebag, Marie"]
[WhiteFideId "12801496"]
[BlackFideId "617822"]
[WhiteElo "1953"]
[BlackElo "2440"]
[Result "0-1"]
[Round "06"]
[TimeControl "180+1"]
[Date "2022.04.05"]
[WhiteClock "0:00:02"]
[BlackClock "0:00:05"]

1. e4 e5 2. Nf3 Nc6 3. Bc4 Bc5 4. d3 Nf6 5. O-O d6 6. h3 h6 7. c3 a6 8. a4 O-O 9. Na3 d5 10. exd5 Nxd5 11. Re1 Re8 12. d4 Bxa3 13. Rxa3 e4 14. Ne5 e3 15. Bxe3 Nxe5 16. dxe5 Rxe5 17. Qd4 Qd6 18. Bxd5 Rxd5 19. Qf4 Qg6 20. Qf3 Be6 21. c4 Rdd8 22. Bf4 c6 23. Rc3 Rd4 24. b3 Rad8 25. Qg3 Rd1 26. Re3 R8d3 27. Qxg6 fxg6 28. Rxe6 Rxe1+ 29. Rxe1 Rxb3 30. c5 Rb4 31. Bd6 Rxa4 32. Re8+ Kh7 33. Re7 Rb4 34. Be5 h5 35. Rxg7+ Kh6 36. h4 Rxh4 37. Rxb7 Re4 38. Bg7+ Kg5 39. g3 Rc4 40. Bf8 h4 41. Kg2 hxg3 42. Kxg3 Rc3+ 43. f3 a5 44. Bd6 a4 45. Ra7 a3 46. Ra6 Kf5 47. Rxc6 a2 48. Ra6 Rc2 49. Bf8 g5 50. Bg7 Rd2 51. c6 Rc2 52. c7 Rxc7 53. Ra5+ Kg6 54. Be5 Rc2 55. Kg4 Rc4+ 56. Kg3 Rc2 57. Kg4 Rc4+ 58. Kg3 Rc5 59. Ra6+ Kf5 60. Bd4 Rc2 61. Bg7 Re2 62. Bh8 Rc2 63. Ra5+ Kg6 64. Bd4 Rd2 0-1


[Site "https://www.chess.com"]

[Event "Titled Tuesday Blitz April 05 Early 2022"]
[White "Zanette, Edgard Vinicius"]
[Black "Bettalli, Francesco"]
[WhiteFideId "2109263"]
[BlackFideId "2816453"]
[WhiteElo "2182"]
[BlackElo "2216"]
[Result "0-1"]
[Round "06"]
[TimeControl "180+1"]
[Date "2022.04.05"]
[WhiteClock "0:00:12"]
[BlackClock "0:00:08"]

1. e4 e5 2. Nf3 Nf6 3. Nxe5 Nc6 4. Nf3 Nxe4 5. Nc3 Nxc3 6. dxc3 Bc5 7. Bf4 O-O 8. Be2 d6 9. Qd2 Bg4 10. O-O Qd7 11. Rae1 Rae8 12. a4 Re4 13. b4 Nxb4 14. cxb4 Bxb4 15. c3 Bxc3 16. Qxc3 Rxf4 17. Nd4 Bxe2 18. Rxe2 c5 19. Nc2 Rxa4 20. Rfe1 Rg4 21. Qf3 b5 22. Re7 Qc8 23. Ne3 Rg6 24. Nd5 Rg5 25. Rxa7 Qd8 26. Ree7 Re5 27. h3 Rxe7 28. Nxe7+ Kh8 29. Nf5 d5 30. Qc3 Qg5 31. g4 c4 32. Qb4 Rc8 33. Nd6 Qc1+ 34. Kg2 Rf8 35. Nxf7+ Kg8 36. Qe7 Qf4 37. Nh6+ Qxh6 38. Qe6+ Qxe6 0-1


[Site "https://www.chess.com"]

[Event "Titled Tuesday Blitz April 05 Early 2022"]
[White "Zlatin, Alexander"]
[Black "Krishna, C R G"]
[WhiteFideId "2810549"]
[BlackFideId "5018625"]
[WhiteElo "2228"]
[BlackElo "2332"]
[Result "0-1"]
[Round "06"]
[TimeControl "180+1"]
[Date "2022.04.05"]
[WhiteClock "0:00:01"]
[BlackClock "0:01:21"]

1. d4 Nf6 2. Nc3 d6 3. Bf4 Nbd7 4. e4 e5 5. dxe5 dxe5 6. Bg5 Be7 7. Nf3 c6 8. a4 h6 9. Bh4 Qb6 10. Rb1 Bb4 11. Bd3 Nc5 12. Bxf6 gxf6 13. O-O Bg4 14. h3 Nxd3 15. hxg4 Nf4 16. g3 Rd8 17. Qe1 Rg8 18. gxf4 Rxg4+ 19. Kh1 Rxf4 20. Qe3 Bc5 21. Qe2 Qc7 22. Rg1 Ke7 23. Rg3 h5 24. Rd1 h4 25. Rg7 Qc8 26. Kh2 Rg8 27. Rdg1 Rxg7 28. Rxg7 Qh8 29. Rg1 Qh5 30. Qc4 Bd6 31. Nd4 exd4 32. e5 Qxe5 0-1


[Site "https://www.chess.com"]

[Event "Titled Tuesday Blitz April 05 Early 2022"]
[White "nobodyperfect13"]
[Black "Avazkhonov, Alikhon"]
[BlackFideId "14208504"]
[WhiteElo "1937"]
[BlackElo "1739"]
[Result "1/2-1/2"]
[Round "06"]
[TimeControl "180+1"]
[Date "2022.04.05"]
[WhiteClock "0:00:52"]
[BlackClock "0:00:21"]

1. c4 e5 2. g3 d6 3. Bg2 f5 4. d4 Be7 5. Nc3 Nf6 6. dxe5 dxe5 7. Qxd8+ Bxd8 8. Nf3 Nc6 9. e4 fxe4 10. Ng5 Nd4 11. O-O c6 12. Ngxe4 Be6 13. b3 O-O 14. Ba3 Re8 15. Rac1 Nxe4 16. Bxe4 Bh3 17. Rfe1 Bg5 18. Rcd1 Rad8 19. Bc1 Bf6 20. Be3 Bg4 21. Rc1 Bf3 22. Bxd4 exd4 23. Bxf3 dxc3 24. Rxe8+ Rxe8 25. Kf1 Rd8 26. Rc2 Rd3 27. Ke2 Rd6 28. Be4 g6 29. Bd3 Re6+ 30. Kd1 Rd6 31. Ke2 a6 32. Rc1 b5 33. Rd1 b4 34. Bc2 Re6+ 35. Kf3 Kf7 36. h4 Be7 37. Rc1 Bc5 38. Kg2 Re2 39. Bd3 Rxf2+ 40. Kh3 Rxa2 41. Rf1+ Rf2 42. Rxf2+ Bxf2 43. Kg2 Be1 44. Kf3 Ke6 45. h5 Kf6 46. hxg6 hxg6 47. g4 Ke5 48. Bxg6 Kd4 49. Ke2 Bh4 50. Kd1 Bg5 51. Kc2 a5 52. Bf7 c5 53. Be8 Ke4 54. Ba4 Kf4 55. Be8 Ke5 56. Ba4 Kf4 57. Be8 Kxg4 58. Ba4 Kf4 59. Be8 Ke4 60. Ba4 Kd4 61. Be8 Bd2 62. Ba4 Bg5 63. Be8 Bd2 64. Ba4 Bh6 65. Be8 Bf8 66. Ba4 Bd6 67. Be8 Ke3 68. Ba4 Bc7 69. Be8 Kd4 70. Ba4 Ke5 71. Be8 Kf5 72. Ba4 Bg3 73. Be8 Bh2 74. Ba4 Kf6 75. Be8 Bd6 76. Ba4 Ke7 77. Bb5 Kd8 78. Ba4 Be5 79. Bb5 Kc7 80. Ba4 Kd6 81. Bb5 Ke7 82. Ba4 Kf6 83. Bb5 Kf5 84. Ba4 Ke4 85. Bb5 Kd4 86. Ba4 Ke3 87. Bb5 Bd4 88. Ba4 Ke2 89. Bb5 Ke1 90. Ba4 Ke2 91. Bb5 Ke1 92. Ba4 Ke2 1/2-1/2


[Site "https://www.chess.com"]

[Event "Titled Tuesday Blitz April 05 Early 2022"]
[White "volunteers1998"]
[Black "Rodchenkov, Sergey D."]
[BlackFideId "4168712"]
[WhiteElo "2326"]
[BlackElo "2306"]
[Result "0-1"]
[Round "06"]
[TimeControl "180+1"]
[Date "2022.04.05"]
[WhiteClock "0:00:01"]
[BlackClock "0:00:15"]

1. e4 c5 2. Nf3 d6 3. d4 cxd4 4. Nxd4 Nf6 5. Nc3 a6 6. h3 e5 7. Nde2 h5 8. g3 Be7 9. Bg2 b5 10. O-O Nbd7 11. Be3 Nb6 12. b3 Bb7 13. Qd2 O-O 14. Rad1 Qc7 15. Nd5 Nbxd5 16. exd5 Rac8 17. c3 a5 18. f4 exf4 19. Bxf4 h4 20. Kh1 Nd7 21. Nd4 Qxc3 22. Qxc3 Rxc3 23. Nxb5 Rc2 24. Rd2 Rxd2 25. Bxd2 hxg3 26. Bxa5 Ne5 27. Nd4 Rc8 28. Nf5 Bf8 29. Nxg3 g6 30. Bd2 Rc2 31. Bf4 Rxa2 32. Ne4 Kg7 33. Bg5 f5 34. Nc3 Rc2 35. Nb5 Ba6 36. Nd4 Rc3 37. Ne6+ Kf7 38. Ra1 Bb7 39. Ra7 Rxb3 40. Rxb7+ Rxb7 41. Nd8+ Ke8 42. Nxb7 Kd7 43. Na5 Bg7 44. Kg1 Kc7 45. Kf2 Kb6 46. Nb3 Nd3+ 47. Ke3 Nb4 48. Nd4 Be5 49. Nf3 Bg7 50. Bf1 Nxd5+ 51. Kf2 Kc5 52. Ba6 Nc3 53. Be3+ Kd5 54. Bb7+ Ke6 55. Ng5+ Ke7 56. Nf3 d5 57. Bd4 Ne4+ 58. Ke3 Bh6+ 59. Ke2 Kd6 0-1


[Site "https://www.chess.com"]

[Event "Titled Tuesday Blitz April 05 Early 2022"]
[White "Adewumi, Tanitoluwa"]
[Black "Nogerbek, Kazybek"]
[WhiteFideId "30966396"]
[BlackFideId "13710427"]
[WhiteElo "2588"]
[BlackElo "2840"]
[Result "0-1"]
[Round "07"]
[TimeControl "180+1"]
[Date "2022.04.05"]
[WhiteClock "0:00:06"]
[BlackClock "0:02:06"]

1. e4 Nc6 2. d4 d5 3. exd5 Qxd5 4. Nf3 Bg4 5. Be2 O-O-O 6. Be3 Nf6 7. O-O Qh5 8. h3 e5 9. hxg4 Nxg4 10. Nh4 f5 11. Bxg4 fxg4 12. g3 exd4 13. Bc1 g5 14. Nf5 Ne5 15. Nd2 Bb4 16. Re1 Nf3+ 17. Nxf3 gxf3 18. Re5 Rhe8 19. Rxe8 Rxe8 20. Be3 dxe3 21. Nxe3 Bc5 22. Nf1 g4 23. Qd5 Qxd5 0-1


[Site "https://www.chess.com"]

[Event "Titled Tuesday Blitz April 05 Early 2022"]
[White "Bachmann, Axel"]
[Black "Matthes, Aaron"]
[WhiteFideId "3700488"]
[BlackFideId "16227310"]
[WhiteElo "2587"]
[BlackElo "2336"]
[Result "1-0"]
[Round "07"]
[TimeControl "180+1"]
[Date "2022.04.05"]
[WhiteClock "0:00:14"]
[BlackClock "0:00:55"]

1. d4 d5 2. Nf3 Nf6 3. g3 c6 4. c4 Bf5 5. Nc3 e6 6. Nh4 Bg4 7. h3 Bh5 8. g4 Bg6 9. g5 Ne4 10. Nxg6 Nxc3 11. bxc3 hxg6 12. Qb3 Qb6 13. c5 Qxb3 14. axb3 a6 15. b4 Nd7 16. Bf4 Be7 17. e3 O-O 18. h4 f6 19. Bh3 Kf7 20. Kd2 Rh8 21. Bg4 Rad8 22. Rh2 fxg5 23. hxg5 Rxh2 24. Bxh2 Bxg5 25. Rg1 Bf6 26. Be2 Rh8 27. Bd6 e5 28. Bg4 Rd8 29. Bxd7 Rxd7 30. dxe5 Be7 31. f4 Bxd6 32. cxd6 Rd8 33. Kd3 Rh8 34. Kd4 Rh2 35. Kc5 Rc2 36. Kb6 Rxc3 37. Kc7 c5 38. b5 d4 39. d7 1-0


[Site "https://www.chess.com"]

[Event "Titled Tuesday Blitz April 05 Early 2022"]
[White "Barbashin, Igor"]
[Black "Tuleyeva-Aketayeva, Dana"]
[WhiteFideId "4155718"]
[BlackFideId "13701932"]
[WhiteElo "2138"]
[BlackElo "1875"]
[Result "1-0"]
[Round "07"]
[TimeControl "180+1"]
[Date "2022.04.05"]
[WhiteClock "0:00:34"]
[BlackClock "0:00:01"]

1. d4 Nf6 2. c4 e6 3. Nf3 c5 4. e3 d5 5. Nc3 Be7 6. Bd3 dxc4 7. Bxc4 Nc6 8. O-O cxd4 9. exd4 Nd5 10. Qe2 Nxc3 11. bxc3 O-O 12. Bf4 Bd6 13. Bg5 Be7 14. Be3 Bf6 15. Rfd1 Ne7 16. Bb3 Nd5 17. Rac1 Nxe3 18. Qxe3 Qb6 19. c4 Bd7 20. c5 Qc7 21. Ne5 Bxe5 22. dxe5 Bc6 23. Rd6 Rad8 24. h4 a5 25. h5 h6 26. Rc4 f5 27. Rcd4 Kh8 28. Bxe6 Be4 29. Rd2 a4 30. f3 Bc6 31. Bxf5 Rxd6 32. cxd6 Qf7 33. Bg6 Qe6 34. Qd3 Bd7 35. Qd4 b5 36. Bb1 1-0


[Site "https://www.chess.com"]

[Event "Titled Tuesday Blitz April 05 Early 2022"]
[White "Bas Mas, Jose Joaquin"]
[Black "Polok, Kacper"]
[WhiteFideId "22219064"]
[BlackFideId "1137158"]
[WhiteElo "2212"]
[BlackElo "2224"]
[Result "1-0"]
[Round "07"]
[TimeControl "180+1"]
[Date "2022.04.05"]
[WhiteClock "0:01:03"]
[BlackClock "0:00:13"]

1. e4 c5 2. Nc3 Nc6 3. Bb5 Nd4 4. Nf3 Nxb5 5. Nxb5 g6 6. O-O Bg7 7. Nc3 e6 8. d4 d6 9. dxc5 dxc5 10. Qxd8+ Kxd8 11. Bg5+ f6 12. Rad1+ Bd7 13. Be3 b6 14. a4 Ne7 15. Rd6 Kc7 16. Rfd1 Rad8 17. a5 Nc8 18. axb6+ axb6 19. R6d2 Bc6 20. Ne1 Rxd2 21. Rxd2 Rd8 22. Rxd8 Kxd8 23. f3 f5 24. exf5 exf5 25. Nd1 Kd7 26. Kf2 Ne7 27. Bd2 Nd5 28. c4 Nc7 29. b3 Ne6 30. Nc2 Nd4 31. Nxd4 Bxd4+ 32. Be3 Kd6 33. Ke2 b5 34. Bxd4 cxd4 35. Kd3 Kc5 36. b4+ Kxb4 37. cxb5 Bxb5+ 38. Kxd4 f4 39. Ke4 Bf1 40. g3 fxg3 41. hxg3 Kc5 42. Ne3 Bb5 43. Ke5 Bd3 44. f4 Bb1 45. g4 h5 46. g5 h4 47. f5 h3 48. f6 Ba2 49. Ng4 Kc6 50. Kf4 Kd6 51. Kg3 Ke6 52. Kxh3 Kf5 53. Kh4 Bb3 54. Nh6+ Kf4 55. f7 Bxf7 56. Nxf7 Kf5 57. Nh8 1-0


[Site "https://www.chess.com"]

[Event "Titled Tuesday Blitz April 05 Early 2022"]
[White "Bettalli, Francesco"]
[Black "Srebrnic, Marko"]
[WhiteFideId "2816453"]
[BlackFideId "14603616"]
[WhiteElo "2216"]
[BlackElo "2340"]
[Result "0-1"]
[Round "07"]
[TimeControl "180+1"]
[Date "2022.04.05"]
[WhiteClock "0:00:01"]
[BlackClock "0:00:16"]

1. d4 Nf6 2. Nc3 d5 3. Bf4 a6 4. e3 e6 5. a3 Be7 6. Nf3 O-O 7. Bd3 Nbd7 8. O-O Re8 9. e4 dxe4 10. Nxe4 Nxe4 11. Bxe4 Nf6 12. Bd3 c5 13. dxc5 Bxc5 14. Qe2 b5 15. Rad1 Qe7 16. b4 Bb6 17. Bd6 Qa7 18. Be5 Bb7 19. Ng5 h6 20. Bxf6 gxf6 21. Nh7 Bd4 22. Qh5 Kg7 23. Qg4+ Kh8 24. Qh4 Kg7 25. Rde1 f5 26. Ng5 hxg5 27. Qxg5+ Kf8 28. Qh6+ Bg7 29. Qh7 Rad8 30. Re3 Qd4 31. Rg3 Qf6 32. Qh5 Rd4 33. Re1 Rh4 34. Qe2 Qh6 35. h3 Rf4 36. Kh2 Bd4 37. f3 Bf6 38. Qf2 Be7 39. Qb6 Bd5 40. a4 Bc4 41. axb5 axb5 42. Bxc4 Rxc4 43. Qxb5 Rxb4 44. Qa5 Bd6 45. Kh1 Qf4 0-1


[Site "https://www.chess.com"]

[Event "Titled Tuesday Blitz April 05 Early 2022"]
[White "Bintang, Rasyid A. Hidayat"]
[Black "Prado Lobo, Jonas"]
[WhiteFideId "7105355"]
[BlackFideId "32050666"]
[WhiteElo "2374"]
[BlackElo "2214"]
[Result "0-1"]
[Round "07"]
[TimeControl "180+1"]
[Date "2022.04.05"]
[WhiteClock "0:00:23"]
[BlackClock "0:00:08"]

1. d4 Nf6 2. Bf4 c5 3. d5 e6 4. Nc3 a6 5. a4 d6 6. e4 e5 7. Bg3 g6 8. Be2 Bg7 9. Nf3 Nh5 10. Nd2 Nf4 11. Bf3 O-O 12. O-O Nd7 13. Nc4 Nb6 14. Ne3 f5 15. a5 Nd7 16. Nc4 Nf6 17. Re1 N4h5 18. Bxh5 Nxh5 19. f3 Qg5 20. Nxd6 Nxg3 21. hxg3 Qxg3 22. Nxc8 Raxc8 23. d6 Bh6 24. Qd5+ Rf7 25. exf5 Bf4 26. Ne4 Qh2+ 27. Kf2 Qh4+ 28. Ke2 gxf5 29. Rh1 Qd8 30. Nxc5 Rc6 31. Nxb7 Rxc2+ 32. Kd1 Qc8 33. d7 Rd2+ 34. Qxd2 Rxd7 35. Nd6 Qc5 36. Ne4 Rxd2+ 37. Nxd2 Qd4 38. Ke2 Qxd2+ 39. Kf1 Bg3 0-1


[Site "https://www.chess.com"]

[Event "Titled Tuesday Blitz April 05 Early 2022"]
[White "Bongo Akanga Ndjila, Barthelemy"]
[Black "Garv Gaur"]
[WhiteFideId "10609431"]
[BlackFideId "45030839"]
[WhiteElo "1768"]
[BlackElo "1950"]
[Result "0-1"]
[Round "07"]
[TimeControl "180+1"]
[Date "2022.04.05"]
[WhiteClock "0:00:02"]
[BlackClock "0:00:17"]

1. d4 d5 2. c4 e6 3. Nc3 Nf6 4. Nf3 Be7 5. Bg5 O-O 6. e3 h6 7. Bh4 b6 8. cxd5 Nxd5 9. Nxd5 exd5 10. Bxe7 Qxe7 11. Qb3 Be6 12. Bd3 c5 13. Qa3 Rc8 14. O-O Nc6 15. Ba6 Rc7 16. Rac1 Nb4 17. Ne5 c4 18. Rc3 Rb8 19. b3 Nxa6 20. Qxa6 b5 21. Nc6 Rxc6 22. Qxc6 b4 23. Rcc1 c3 24. a3 Rc8 25. Qa4 bxa3 26. b4 Bf5 27. Qxa3 c2 28. Ra1 Rc7 29. Rfc1 Be4 30. f3 Bg6 31. e4 dxe4 32. fxe4 Qxe4 33. Qb2 Qe3+ 34. Kh1 Qd3 35. b5 Rb7 36. h3 Rxb5 37. Qa3 Qxd4 38. Qxa7 Qd2 39. Qa8+ Kh7 40. Qf3 Rb1 41. Qf1 Qb4 42. Ra2 Qb3 43. Ra1 Qb2 0-1


[Site "https://www.chess.com"]

[Event "Titled Tuesday Blitz April 05 Early 2022"]
[White "Butti, Enrique"]
[Black "Pesotskiy, Mikhail"]
[WhiteFideId "3700470"]
[BlackFideId "34164453"]
[WhiteElo "2080"]
[BlackElo "2010"]
[Result "0-1"]
[Round "07"]
[TimeControl "180+1"]
[Date "2022.04.05"]
[WhiteClock "0:01:19"]
[BlackClock "0:01:20"]

1. d4 Nf6 2. Nf3 e6 3. e3 c5 4. Bd3 b6 5. O-O Bb7 6. b3 Be7 7. Bb2 O-O 8. c4 Nc6 9. Nc3 Nb4 10. Bb1 d5 11. a3 Nc6 12. Bd3 Rc8 13. Rc1 dxc4 14. bxc4 Kh8 15. Ne4 cxd4 16. Nxf6 Bxf6 17. exd4 Nxd4 18. Bxd4 Bxd4 19. Qc2 Bxf3 20. gxf3 Qh4 0-1


[Site "https://www.chess.com"]

[Event "Titled Tuesday Blitz April 05 Early 2022"]
[White "Cagara, Paulina"]
[Black "Horak, Martin"]
[WhiteFideId "1124870"]
[BlackFideId "367095"]
[WhiteElo "1780"]
[BlackElo "1997"]
[Result "0-1"]
[Round "07"]
[TimeControl "180+1"]
[Date "2022.04.05"]
[WhiteClock "0:00:02"]
[BlackClock "0:00:10"]

1. e4 c5 2. Nc3 e6 3. g3 d5 4. exd5 exd5 5. d4 cxd4 6. Qxd4 Nf6 7. Bg5 Nc6 8. Qa4 Bb4 9. Bb5 Bxc3+ 10. bxc3 O-O 11. Ne2 Bh3 12. Bxc6 bxc6 13. Qxc6 Qe8 14. Qxe8 Rfxe8 15. Bxf6 Bg4 16. Bd4 Rxe2+ 17. Kf1 Bf3 18. h4 Rxc2 19. Rh2 Rb8 20. h5 Rxa2 21. Re1 h6 22. Rh4 a5 23. Rf4 Bxh5 24. Re7 a4 25. Rd7 a3 26. Rxd5 Rb5 27. Rd8+ Kh7 28. c4 Rb1+ 29. Kg2 Rd2 30. Ra8 a2 31. g4 Bg6 32. Bc3 Rc2 33. Be5 Rb4 34. Kg3 Rb3+ 35. f3 Rd2 36. Rd4 Rc2 37. Rdd8 Bd3 38. Rh8+ Kg6 39. Ra6+ f6 40. f4 Bxc4+ 41. Kh4 Bxa6 42. f5+ Kf7 0-1


[Site "https://www.chess.com"]

[Event "Titled Tuesday Blitz April 05 Early 2022"]
[White "Chen, Qi b"]
[Black "Baches Garcia, Guillermo"]
[WhiteFideId "8614733"]
[BlackFideId "2209764"]
[WhiteElo "2432"]
[BlackElo "2486"]
[Result "1-0"]
[Round "07"]
[TimeControl "180+1"]
[Date "2022.04.05"]
[WhiteClock "0:00:26"]
[BlackClock "0:00:14"]

1. e4 c5 2. Nf3 d6 3. d4 cxd4 4. Nxd4 Nf6 5. Nc3 Nc6 6. Bg5 e6 7. Qd3 h6 8. Nxc6 bxc6 9. Bf4 e5 10. Bg3 Nh5 11. Be2 Nxg3 12. hxg3 Be7 13. O-O-O O-O 14. f4 Qb6 15. Kb1 Rb8 16. b3 a5 17. f5 Qb4 18. Qc4 Bb7 19. g4 d5 20. exd5 cxd5 21. Nxd5 Bxd5 22. Qxb4 Bxb4 23. Rxd5 Rfd8 24. Rhd1 Rxd5 25. Rxd5 e4 26. Kb2 a4 27. c3 a3+ 28. Kc2 Be7 29. Re5 Bf6 30. Rxe4 Rc8 31. Bc4 Kf8 32. b4 Rd8 33. Bb5 Bg5 34. Kb3 Bc1 35. Bc6 g6 36. fxg6 fxg6 37. Re2 Bb2 38. b5 h5 39. gxh5 gxh5 40. c4 1-0


[Site "https://www.chess.com"]

[Event "Titled Tuesday Blitz April 05 Early 2022"]
[White "Chernomordik, Pavel"]
[Black "Goryachkina, Aleksandra"]
[WhiteFideId "2804530"]
[BlackFideId "4147103"]
[WhiteElo "2220"]
[BlackElo "2426"]
[Result "0-1"]
[Round "07"]
[TimeControl "180+1"]
[Date "2022.04.05"]
[WhiteClock "0:00:33"]
[BlackClock "0:00:33"]

1. e4 e6 2. Nc3 d5 3. d4 Bb4 4. Ne2 dxe4 5. a3 Bxc3+ 6. Nxc3 Nc6 7. Be3 Nf6 8. Bb5 Bd7 9. Bg5 Ne7 10. Bxf6 gxf6 11. Bxd7+ Qxd7 12. Nxe4 O-O-O 13. Nxf6 Qb5 14. Ne4 Qxb2 15. O-O Qxd4 16. Qe2 Ng6 17. Rfd1 Qe5 18. Qf3 Nh4 19. Qe3 b6 20. Ng5 Qxe3 21. fxe3 Rdg8 22. Nxf7 Rxg2+ 23. Kh1 Rf8 24. Rd4 Rxf7 25. Rxh4 Rxc2 26. Rf4 Rxf4 27. exf4 Rf2 28. Re1 Kd7 29. Re4 c5 30. Kg1 Rd2 31. h4 Kd6 32. h5 b5 33. h6 c4 34. a4 a6 35. f5 exf5 36. Re8 c3 0-1


[Site "https://www.chess.com"]